 Dungeon Crawl Stone Soup version 0.22.0-49-gab54619 (webtiles) character file.

914 Fang the Chopper (level 8, -6/49 HPs)
             Began as a Gargoyle Berserker on Sept 7, 2018.
             Was an Elder of Trog.
             Killed from afar by an orc wizard (8 damage)
             ... with a magic dart
             ... on level 5 of the Dungeon.
             The game lasted 00:07:37 (4738 turns).

Fang the Chopper (Gargoyle Berserker)               Turns: 4738, Time: 00:07:38

Health: -6/49      AC:  7    Str: 23    XL:     8   Next: 9%
Magic:  8/8        EV: 13    Int:  8    God:    Trog [****..]
Gold:   366        SH:  0    Dex:  9    Spells: 7/7 levels left

rFire    + . .     SeeInvis .   a - +0 hand axe
rCold    . . .     Gourm    .   (no shield)
rNeg     + . .     Faith    .   b - +0 animal skin
rPois    ∞         Spirit   .   (no helmet)
rElec    +         Reflect  .   y - scarf {repulsion}
rCorr    .         Harm     .   (no gloves)
MR       .....                  (no boots)
Stlth    ++........             (no amulet)
HPRegen  0.16/turn              w - ring of protection from fire
MPRegen  0.11/turn              (no ring)

@: starving, repel missiles
A: negative energy resistance 1, electricity resistance, unbreathing,
petrification resistance, rot immunity, AC +5
a: Berserk, Trog's Hand, Brothers in Arms, Renounce Religion


You were on level 5 of the Dungeon.
You worshipped Trog.
Trog was greatly pleased with you.
You were starving.

You visited 1 branch of the dungeon, and saw 6 of its levels.

You collected 366 gold pieces.

Inventory:

Hand Weapons
 a - a +0 hand axe (weapon)
Armour
 b - a +0 animal skin (worn)
 y - a scarf of repulsion (worn)
Jewellery
 w - a ring of protection from fire (left hand)
Wands
 h - a wand of random effects (22)
 n - a wand of paralysis (17)
 r - a wand of iceblast (6)
Scrolls
 d - 2 scrolls of immolation {unknown}
 f - 2 scrolls of random uselessness {unknown}
 g - 4 scrolls of remove curse {unknown}
 i - 4 scrolls of teleportation {unknown}
 m - a scroll of magic mapping {unknown}
 o - 2 scrolls of fear {unknown}
 p - a scroll of blinking {unknown}
 s - a scroll of identify {unknown}
 u - 2 scrolls of noise {unknown}
 A - 2 scrolls of amnesia {unknown}
Potions
 e - a potion of mutation {unknown}
 j - 2 potions of ambrosia {unknown}
 k - a potion of curing {unknown}
 l - a potion of degeneration {unknown}
 q - a potion of resistance {unknown}
 t - 2 potions of agility {unknown}
 v - a potion of haste {unknown}
 x - a potion of lignification {unknown}
 z - a potion of cancellation {unknown}
Comestibles
 c - 8 rations


   Skills:
 + Level 5.2 Fighting
 + Level 6.7 Axes
 + Level 2.3 Armour
 + Level 3.5 Dodging
 + Level 2.3 Stealth


You had 7 spell levels left.
You didn't know any spells.
Your spell library was empty.

Dungeon Overview and Level Annotations

Branches:
Dungeon (6/15)
 Temple: D:4-7

Altars:
Makhleb
Trog
The Shining One

Shops:
D:4 *


Innate Abilities, Weirdness & Mutations

You are resistant to torment.
Your stone body is resilient. (AC +5)
You are immune to poison.
You resist negative energy. (rN+)
You are resistant to electric shocks. (rElec)
You can survive without breathing.
You are immune to petrification.
You are immune to rotting.


Message History

The orc wizard is moderately wounded.
You barely miss the orc wizard.
The orc wizard is moderately wounded.
The orc wizard barely misses you.
You closely miss the orc wizard.
The orc wizard is moderately wounded.
The orc wizard barely misses you.
You miss the orc wizard.
The orc wizard is moderately wounded.
The orc wizard gestures wildly while chanting.
The orc wizard seems to speed up.
You closely miss the orc wizard.
The orc wizard is moderately wounded.
The orc wizard misses you. The orc wizard hits you with a dagger.
* * * LOW HITPOINT WARNING * * *
You barely miss the orc wizard.
The orc wizard is moderately wounded.
The orc wizard gestures at you while chanting.
The magic dart hits you!
You die...

....#.....#.................#
....+.....#########.........#
....##....##......#.........#
##'###....##......#.........#
....##....#.......'.........#
....#.....'.......#.........#
....#.....#########.........#
....'.....#....>o...........#
....#.....#.....@...........#
....#######.................#
....#..............#'########
#####..............#.......#
...........####+####.......#
...........#...............#
...........'..........(....#
...........#...............#
.....#######...............#


You could see an orc wizard.

Vanquished Creatures
  Sigmund (D:2)
  A sky beast (D:4)
  A centaur (D:6)
  A scorpion (D:4)
  2 crimson imps (D:5)
  A jelly (D:5)
  A centaur skeleton (D:4)
  2 orc priests (D:4)
  A bullfrog skeleton (D:5)
  2 orc wizards
  A killer bee zombie (D:5)
  3 adders (D:3)
  7 gnolls
  A shadow imp (D:5)
  An ooze (D:1)
  3 worms
  A dart slug (D:1)
  4 leopard geckos
  18 orcs
  13 bats
  4 giant cockroaches
  10 goblins
  9 hobgoblins
  8 jackals
  7 quokkas
  2 ball pythons
  3 frilled lizards
  A jackal zombie (D:5)
  12 kobolds
  A leopard gecko skeleton (D:4)
  8 rats
  A plant (D:4)
131 creatures vanquished.

Notes
Turn   | Place    | Note
-------+----------+-------------------------------------------
     0 | D:1      | Fang the Gargoyle Berserker began the quest for the Orb.
     0 | D:1      | Reached XP level 1. HP: 14/14 MP: 1/1
    88 | D:1      | Reached XP level 2. HP: 10/19 MP: 2/2
   306 | D:1      | Reached skill level 3 in Axes
   354 | D:1      | Reached XP level 3. HP: 23/24 MP: 3/3
   420 | D:1      | Reached ** piety under Trog
   792 | D:2      | Noticed Sigmund
   808 | D:2      | Killed Sigmund
   808 | D:2      | Reached skill level 4 in Axes
   808 | D:2      | Reached skill level 1 in Stealth
   808 | D:2      | Reached XP level 4. HP: 15/29 MP: 4/4
   808 | D:2      | Reached XP level 5. HP: 17/33 MP: 5/5
  1617 | D:3      | Reached XP level 6. HP: 21/38 MP: 6/6
  1892 | D:3      | Reached *** piety under Trog
  2668 | D:4      | Reached skill level 5 in Axes
  2839 | D:4      | Noticed a sky beast
  2849 | D:4      | Reached XP level 7. HP: 31/44 MP: 7/7
  3140 | D:4      | Found Cionikim's Assorted Antiques.
  3232 | D:4      | Found a glowing golden altar of the Shining One.
  3502 | D:4      | Reached skill level 6 in Axes
  3636 | D:4      | Found a burning altar of Makhleb.
  3750 | D:5      | Entered Level 5 of the Dungeon
  3768 | D:5      | Found a bloodstained altar of Trog.
  3890 | D:5      | Reached **** piety under Trog
  4433 | D:5      | Reached skill level 5 in Fighting
  4651 | D:6      | Reached XP level 8. HP: 44/49 MP: 8/8
  4728 | D:5      | HP: 2/49 [something (1)]
  4737 | D:5      | HP: 2/49 [orc wizard/dagger (2)]
  4738 | D:5      | Killed from afar by an orc wizard

Skill      XL: |  1  2  3  4  5  6  7 |
---------------+----------------------+-----
Axes           | 3 4 5 6 |  6.7
Fighting       | 4 5 |  5.2
Dodging        | 2 3 |  3.5
Stealth        | 1 2 |  2.3
Armour         | |  2.3

Action                   |  1- 3 |  4- 6 |  7- 9 || total
-------------------------+-------+-------+-------++-------
Melee: Hand axe          |    99 |   203 |   177 ||   479
Invok: Berserk           |     1 |     1 |     2 ||     4
 Stab: Sleeping          |       |     2 |     2 ||     4
  Eat: Chunk             |       |     7 |     7 ||    14
Armor: Animal skin       |    47 |    56 |    56 ||   159
Dodge: Dodged            |    71 |   111 |   113 ||   295
       Deflected         |       |       |     3 ||     3
